 Dungeon Crawl Stone Soup version 0.23.2-1-ga50397a (webtiles) character file.

Game seed: 9043427692784828213

205 myga the Charlatan (level 5, -11/25 HPs)
             Began as a Spriggan Artificer on May 18, 2019.
             Killed themself with a badly aimed fireball (15 damage)
             ... on level 4 of the Dungeon.
             The game lasted 00:15:37 (3483 turns).

myga the Charlatan (Spriggan Artificer)             Turns: 3483, Time: 00:15:37

Health: -11/25     AC:  2    Str:  9    XL:     5   Next: 53%
Magic:  10/10      EV: 20    Int: 13    God:
Gold:   129        SH:  0    Dex: 16    Spells: 4/4 levels left

rFire    . . .     SeeInvis +   a - +2 short sword (flame)
rCold    . . .     Gourm    .   (shield restricted)
rNeg     . . .     Faith    .   b - +0 robe
rPois    .         Spirit   .   (helmet restricted)
rElec    .         Reflect  .   (no cloak)
rCorr    .         Harm     .   (gloves unavailable)
MR       .....                  (boots unavailable)
Stlth    +++.......             (no amulet)
HPRegen  0.08/turn              (no ring)
MPRegen  0.12/turn              (no ring)

@: very slightly contaminated, very quick
A: very small, unfitting armour, see invisible, herbivore, speed 3, slow
metabolism 2
a: no special abilities


You were on level 4 of the Dungeon.
You were not hungry.

You visited 1 branch of the dungeon, and saw 4 of its levels.

You collected 129 gold pieces.

Inventory:

Hand Weapons
 a - a +2 short sword of flaming (weapon)
Missiles
 h - 178 stones (quivered)
Armour
 b - a +0 robe (worn)
Wands
 d - a wand of enslavement (6)
 e - a wand of random effects (7)
Scrolls
 g - a scroll of magic mapping
 i - a scroll of fog
 j - a scroll of identify {unknown}
 m - 2 scrolls of remove curse
 n - a scroll of fear {unknown}
 o - a scroll of amnesia {unknown}
 p - a scroll of immolation {unknown}
 s - a scroll of enchant weapon {unknown}
Potions
 c - 2 potions of invisibility
 k - a potion of flight {unknown}
 l - a potion of cancellation {unknown}
 q - a potion of curing {unknown}
 r - a potion of resistance {unknown}
 t - a potion of mutation {unknown}
Comestibles
 f - 5 rations


   Skills:
 + Level 1.1 Fighting
 + Level 3.1 Short Blades
 + Level 1.1 Throwing
 + Level 4.5 Dodging
 + Level 3.9 Stealth
 + Level 5.3 Evocations


You had 4 spell levels left.
You didn't know any spells.
Your spell library was empty.

Dungeon Overview and Level Annotations

Branches:
Dungeon (4/15)
 Temple: D:4-7

Altars:
Makhleb
Qazlal


Innate Abilities, Weirdness & Mutations

You are very small and have problems with some larger weapons.
You are too small for most types of armour.
You have supernaturally acute eyesight. (SInv)
You are a herbivore.
You cover ground extremely quickly.
You need to consume almost no food.


Message History

* * * LOW HITPOINT WARNING * * *
Evoke which item? (* to show all) (? for menu, Esc to quit)
Okay, then.
Okay, then.
Unknown command.
Evoke which item? (* to show all) (? for menu, Esc to quit)
Aiming: Random Effects
Press: ? - help, Shift-Dir - straight line, f/p - orc wizard
Aim: an orc wizard, wielding a -1 dagger and wearing a +0 robe (severely wounded, fast)
The orc wizard resists with significant effort.
The orc wizard hits you but does no damage. x2
Evoke which item? (* to show all) (? for menu, Esc to quit)
Aiming: Random Effects
Press: ? - help, Shift-Dir - straight line, f/p - orc wizard
Aim: an orc wizard, wielding a -1 dagger and wearing a +0 robe (severely wounded, fast)
The fireball explodes!
The fireball engulfs the orc wizard!
You kill the orc wizard!
The fireball engulfs you!
Ouch! That really hurt!
You die...

####.#### ###.......##
####...$.......###
#................#
##.......)........#
#.................##
#.....)............#
##..................####
##........@........<....###
..........).......>.......#
......................###..
#.................†...#
#.............%......##
.........)..........##
........†..........##
......))..........##
......)........####


There were no monsters in sight!

Vanquished Creatures
  2 orc priests
  An orc wizard (D:4)
  Robin (D:2)
  An adder (D:4)
  A worm (D:2)
  5 dart slugs
  3 leopard geckos
  7 orcs (D:4)
  8 bats
  3 giant cockroaches
  11 goblins
  7 hobgoblins
  4 jackals (D:1)
  A quokka (D:3)
  2 ball pythons
  3 frilled lizards
  10 kobolds
  5 rats
75 creatures vanquished.

Vanquished Creatures (collateral kills)
  An orc (D:3)
  2 goblins (D:2)
  A bat (D:2)
4 creatures vanquished.

Vanquished Creatures (others)
  2 orcs (D:3)
  A goblin (D:2)
  A hobgoblin (D:2)
4 creatures vanquished.

Grand Total: 83 creatures vanquished

Notes
Turn   | Place    | Note
-------+----------+-------------------------------------------
     0 | D:1      | myga the Spriggan Artificer began the quest for the Orb.
     0 | D:1      | Reached XP level 1. HP: 9/9 MP: 4/4
    54 | D:1      | Reached XP level 2. HP: 14/14 MP: 6/6
   654 | D:1      | Reached skill level 5 in Evocations
   663 | D:1      | Reached XP level 3. HP: 17/17 MP: 7/7
  1659 | D:2      | Found a stormy altar of Qazlal.
  1770 | D:2      | Noticed Robin
  1772 | D:2      | Killed Robin
  1772 | D:2      | Reached XP level 4. HP: 15/21 MP: 8/8
  2395 | D:2      | Found a faded altar of an unknown god.
  2945 | D:3      | Found a burning altar of Makhleb.
  3436 | D:4      | Reached skill level 1 in Fighting
  3446 | D:4      | Reached XP level 5. HP: 22/25 MP: 9/9
  3470 | D:4      | Reached skill level 1 in Throwing
  3483 | D:4      | Killed themself with a badly aimed fireball

Skill      XL: |  1  2  3  4  5 |
---------------+----------------+-----
Evocations     | 5 |  5.3
Stealth        | 2 3 |  3.9
Short Blades   | 2 3 |  3.1
Dodging        | 4 |  4.5
Fighting       | 1 |  1.1
Throwing       | 1 |  1.1

Action                   |  1- 3 |  4- 6 || total
-------------------------+-------+-------++-------
Melee: Short sword       |   118 |    73 ||   191
       Dagger            |       |     9 ||     9
Throw: Stone             |    27 |    32 ||    59
       Throwing net      |     1 |       ||     1
Evoke: Wand              |    19 |    13 ||    32
  Use: Scroll            |       |     3 ||     3
       Potion            |       |     1 ||     1
 Stab: Sleeping          |     5 |     5 ||    10
       Distracted        |     1 |       ||     1
       Invisible         |       |     4 ||     4
Armor: Robe              |    14 |     3 ||    17
Dodge: Dodged            |   100 |    65 ||   165
